 Dungeon Crawl Stone Soup version 0.31-a0-1616-gbeaec30b81 (webtiles) character file.

Game seed: 7229891991649270243

99 garrulousMonolith the Chopper (level 4, -2/40 HPs)
             Began as a Hill Orc Monk on Jan 11, 2024.
             Splashed by a jelly's acid (11 damage)
             ... on level 3 of the Dungeon.
             The game lasted 00:03:01 (2551 turns).

garrulousMonolith the Chopper (Hill Orc Monk)       Turns: 2551, Time: 00:03:02

Health: -2/40      AC: -5    Str: 13    XL:     4   Next: 72%
Magic:  5/5        EV:  6    Int: 12    God:
Gold:   96         SH:  9    Dex: 13    Spells: 3/3 levels left

rFire   . . .        a - +0 hand axe
rCold   . . .        t - +0 buckler
rNeg    . . .        h - +0 chain mail
rPois   .            (no helmet)
rElec   .            (no cloak)
rCorr   .            (no gloves)
SInv    .            (no boots)
Will    .....        p - amulet of reflection Stlth
                     (no ring)
HPRegen 0.26/turn    (no ring)
MPRegen 0.09/turn

%: reflection
@: corroded
A: iridescent scales 1, sense surroundings 1
a: no special abilities


You were on level 3 of the Dungeon.
You visited 1 branch of the dungeon, and saw 3 of its levels.

You collected 96 gold pieces.

Inventory:

Hand Weapons
 a - a +0 hand axe (weapon)
Armour
 f - a +0 leather armour
 h - a +0 chain mail (worn)
 t - a +0 buckler (worn)
Jewellery
 p - an amulet of reflection (around neck)
Talismans
 g - a serpent talisman
Scrolls
 i - 2 scrolls of teleportation
 k - a scroll of immolation {unknown}
 l - a scroll of silence {unknown}
 n - a scroll of identify {unknown}
 q - a scroll of revelation {unknown}
 r - a scroll of enchant weapon {unknown}
Potions
 c - a potion of ambrosia
 d - a potion of heal wounds {unknown}
 e - a potion of degeneration {unknown}
 j - a potion of cancellation {unknown}
 m - a potion of might {unknown}
 o - a potion of magic {unknown}
 s - a potion of attraction {unknown}


   Skills:
 + Level 4.2 Fighting
 * Level 5.4 Axes
 + Level 1.7 Armour
 - Level 2.4 Dodging
 + Level 0.2 Shields
 + Level 2.3 Invocations


You had 3 spell levels left.
You didn't know any spells.
Your spell library contained the following spells:

 Spells                   Type           Power      Damage    Failure   Level
 Lesser Beckoning         Tloc           0%         N/A       100%        2
 Dazzling Flash           Conj/Hex       0%         N/A       100%        3
 Gell's Gravitas          Tloc           0%         N/A       100%        3
 Mephitic Cloud           Conj/Alch/Air  0%         N/A       100%        3
 Teleport Other           Tloc           0%         N/A       100%        3
 Curse of Agony           Necr           0%         N/A       100%        5
 Silence                  Hex/Air        0%         N/A       100%        5


Dungeon Overview and Level Annotations

Branches:
Dungeon (3/15)

Altars:
Gozag
Qazlal
Ru
Sif Muna
Xom
Yredelemnul
Zin


Innate Abilities, Weirdness & Mutations

You are partially covered in iridescent scales. (AC +2)
You passively map a small area around you.


Message History

You are too injured to fight recklessly!
You hit the endoplasm.
You kill the endoplasm!
A nearby fungus withers and dies.
Things that are here:
a +0 short sword; a kobold corpse
Okay, then.
Okay, then.
It was a potion of mutation.
You feel extremely strange.
You feel clumsy.
You feel less in control of your magic.
You feel extremely strange.
You regain control of your magic.
You feel agile.
You feel a strange attunement to the structure of the dungeons.
Iridescent scales grow over part of your body.
You block the jelly's attack.
Things that are here:
a +0 short sword; a kobold corpse You barely miss the jelly.
The jelly hits you but does no damage.
You hit the jelly. The acid corrodes you!
Your hands burn!
The jelly is moderately wounded.
You block the jelly's attack. The jelly barely misses you.
You hit the jelly but do no damage. The acid corrodes you!
Your hands burn!
The jelly is moderately wounded.
The jelly hits you but does no damage.
You hit the jelly but do no damage.
Your hands burn!
The jelly is moderately wounded.
You block the jelly's attack.
You hit the jelly.
Your hands burn!
The jelly is severely wounded.
You block the jelly's attack.
You hit the jelly but do no damage.
Your hands burn!
The jelly is severely wounded.
The jelly hits you. The acid corrodes you!
You are splashed with acid.
You hit the jelly but do no damage. The acid corrodes you!
Your hands burn!
* * * LOW HITPOINT WARNING * * *
The jelly is severely wounded.
The jelly hits you.
* * * LOW HITPOINT WARNING * * *
The acid corrodes you!
You are splashed with acid!
You die...

##.....#####.#.#
#.......##...#.##
#...[...######..#
#.......# ##.#
#.......# #.#
####....# #.#
##..'....# #.#
#.######## #####.##
##..@JJJ## #..>..<#
#######J# #####..#
*..÷..J..÷######..###
*.P.PJJ..÷##.........
..._÷J.J.######..###
.P.÷J.J..# #..#
..._÷_.P.# #..###
?.._.P.P.# #.....
*########## ##.###


You could see 2 jellies and 2 endoplasms.

Vanquished Creatures
  4 adders
  3 dart slugs
  A ribbon worm (D:3)
  4 ball pythons
  5 endoplasms
  3 giant cockroaches (D:1)
  6 goblins
  A hobgoblin (D:2)
  A quokka (D:1)
  4 bats
  3 frilled lizards
  15 kobolds
  4 rats
54 creatures vanquished.

Notes
Turn   | Place    | Note
-------+----------+-------------------------------------------
     0 | D:1      | garrulousMonolith the Hill Orc Monk began the quest for the
                  | Orb.
     0 | D:1      | Reached XP level 1. HP: 19/19 MP: 1/1
   102 | D:1      | Reached XP level 2. HP: 27/27 MP: 2/2
   255 | D:1      | Reached skill level 1 in Invocations
   523 | D:1      | Reached skill level 1 in Armour
   536 | D:1      | Reached XP level 3. HP: 33/33 MP: 3/3
  1140 | D:2      | Found a faded altar of an unknown god.
  1453 | D:2      | Reached skill level 5 in Axes
  1550 | D:2      | Reached XP level 4. HP: 40/40 MP: 5/5
  2221 | D:3      | Found a glowing silver altar of Zin.
  2221 | D:3      | Found a basalt altar of Yredelemnul.
  2532 | D:3      | Found a shimmering blue altar of Sif Muna.
  2532 | D:3      | Found a sacrificial altar of Ru.
  2532 | D:3      | Found an opulent altar of Gozag.
  2532 | D:3      | Found a basalt altar of Yredelemnul.
  2532 | D:3      | Found a shimmering altar of Xom.
  2532 | D:3      | Found a stormy altar of Qazlal.
  2542 | D:3      | Gained mutation: You are clumsy. (Dex -2) [potion of
                  | mutation]
  2542 | D:3      | Gained mutation: Your spells are a little harder to cast,
                  | but a little more powerful. [potion of mutation]
  2543 | D:3      | Lost mutation: Your spells are a little harder to cast, but
                  | a little more powerful. [potion of mutation]
  2543 | D:3      | Lost mutation: You are clumsy. (Dex -2) [potion of
                  | mutation]
  2543 | D:3      | Gained mutation: You passively map a small area around you.
                  | [potion of mutation]
  2543 | D:3      | Gained mutation: You are partially covered in iridescent
                  | scales. (AC +2) [potion of mutation]
  2551 | D:3      | Splashed by a jelly's acid

Illustrated notes

Levels and vault maps discovered:
D:1:      dpeg_arrival_round_c, layout_loops_ring, minivault_27,
          nicolae_concentric_dashed_squares_mild, skrybe_limestone_x
D:2:      layout_basic, basic_ecumenical_altar, minmay_misc_feat_cross
D:3:      cheibrodos_fertilizer, layout_loops_ring,
          nicolae_overflow_two_pavilions

Skill      XL: |  1  2  3  4 |
---------------+-------------+-----
Invocations    | 1 2 |  2.3
Armour         | 1 |  1.7
Fighting       | 4 |  4.2
Axes           | 5 |  5.4
Dodging        | |  2.4
Shields        | |  0.2

Action                     |  1- 3 |  4- 6 || total
---------------------------+-------+-------++-------
  Melee: Hand axe          |   101 |    81 ||   182
    Use: Potion            |       |     2 ||     2
         Scroll            |       |     1 ||     1
 Armour: Robe              |     9 |       ||     9
         Leather armour    |     7 |       ||     7
         Chain mail        |    59 |    64 ||   123
  Dodge: Dodged            |    41 |    20 ||    61
  Block: Buckler           |       |    19 ||    19
         Reflection        |       |     1 ||     1

Table legend: (Time is in decaauts)
 A = Elapsed time spent in this place.
 B = Non-inter-level travel time spent in this place.
 C = Inter-level travel time spent in this place.
 D = Time resting spent in this place.
 E = Time spent auto-exploring this place.
 F = Levels seen in this place.
 G = Mean time per level.
                   A        B        C        D        E       F      G
               +--------+--------+--------+--------+--------+-----+--------+
         Total |   2563 |   2494 |     69 |    169 |   1876 |   3 |  854.3 |
       Dungeon |   2563 |   2494 |     69 |    169 |   1876 |   3 |  854.3 |
               +--------+--------+--------+--------+--------+-----+--------+

Top non-repeatable levels by time:
     D:1: 941 daAuts
     D:2: 811 daAuts
     D:3: 810 daAuts
